 Dungeon Crawl Stone Soup version 0.22.1-2-g9c5b331 (webtiles) character file.

191 Fang the Chopper (level 5, -2/33 HPs)
             Began as a Gargoyle Berserker on Nov 27, 2018.
             Was a Priest of Trog.
             Killed from afar by an orc wizard (6 damage)
             ... with a magic dart
             ... on level 4 of the Dungeon on Nov 28, 2018.
             The game lasted 00:07:47 (3634 turns).

Fang the Chopper (Gargoyle Berserker)               Turns: 3634, Time: 00:07:48

Health: -2/33      AC: 18    Str: 22    XL:     5   Next: 70%
Magic:  5/5        EV:  7    Int: 10    God:    Trog [***...]
Gold:   88         SH:  0    Dex:  9    Spells: 4/4 levels left

rFire    . . .     SeeInvis .   p - +2 battleaxe
rCold    + . .     Gourm    .   (shield currently unavailable)
rNeg     + . .     Faith    .   d - +0 plate armour
rPois    ∞         Spirit   .   a - +2 hat {Int+3}
rElec    +         Reflect  .   (no cloak)
rCorr    .         Harm     .   (no gloves)
MR       .....                  (no boots)
Stlth    ..........             (no amulet)
HPRegen  0.11/turn              r - +1 ring of protection
MPRegen  0.09/turn              h - ring of protection from cold

@: no status effects
A: negative energy resistance 1, electricity resistance, unbreathing,
petrification resistance, rot immunity, AC +4
a: Berserk, Trog's Hand, Renounce Religion


You were on level 4 of the Dungeon.
You worshipped Trog.
Trog was most pleased with you.
You were very hungry.

You visited 1 branch of the dungeon, and saw 4 of its levels.

You collected 88 gold pieces.

Inventory:

Hand Weapons
 p - a +2 battleaxe (weapon)
Armour
 a - a +2 hat of intelligence (worn)
 d - a +0 plate armour (worn)
Jewellery
 h - a ring of protection from cold (right hand)
 j - an uncursed ring of flight
 r - a +1 ring of protection (left hand)
Scrolls
 f - a scroll of magic mapping {unknown}
 i - a scroll of remove curse
 k - a scroll of enchant weapon
 o - a scroll of blinking {unknown}
Potions
 b - 2 potions of cancellation
 e - 2 potions of might
 g - 2 potions of haste
 l - 2 potions of curing
 m - a potion of ambrosia
 n - a potion of berserk rage
 s - a potion of agility {unknown}
Comestibles
 c - 5 rations


   Skills:
 + Level 4.1 Fighting
 + Level 4.7 Axes
 + Level 2.8 Armour
 + Level 2.0 Dodging


You had 4 spell levels left.
You didn't know any spells.
Your spell library was empty.

Dungeon Overview and Level Annotations

Branches:
Dungeon (4/15)
 Temple: D:4-7

Altars:
Ashenzari
Fedhas
Makhleb
Ru
The Shining One


Innate Abilities, Weirdness & Mutations

You are resistant to torment.
Your stone body is resilient. (AC +4)
You are immune to poison.
You resist negative energy. (rN+)
You are resistant to electric shocks. (rElec)
You can survive without breathing.
You are immune to petrification.
You are immune to rotting.


Message History

You hear some strange, mumbled words.
A magic dart appears from out of thin air!
The magic dart hits you! Something hits you but does no damage.
You bump into the rock wall.
Something hits you but does no damage.
You barely miss something.
You feel less confused.
You hear some strange, mumbled words.
A puff of flame appears from out of thin air!
The puff of flame hits you!
* * * LOW HITPOINT WARNING * * *
You barely miss something.
Something hits you but does no damage. x2
You closely miss something. Something hits you but does no damage.
You miss something. Something hits you but does no damage. Something hits you.
* * * LOW HITPOINT WARNING * * *
You completely miss something. Something hits you but does no damage.
You closely miss something.
You hear some strange, mumbled words.
A magic dart appears from out of thin air!
The magic dart hits you!
You die...

######## #
#......# ##
#.####.# .##
#.####.###
..###........#
.......###<#.#
#####.####.#.#####
# #.###......{@# #
#......#.###.# #
#####)##.# #.#
#)##.# #.# #.##..
#.# #.###. #.# ...
....# ... .....
... .##


There were no monsters in sight!

Vanquished Creatures
  An orc priest (D:4)
  A worker ant (D:4)
  2 adders
  A gnoll (D:1)
  An ooze (D:2)
  5 worms
  3 dart slugs
  4 orcs
  2 ball pythons
  3 giant cockroaches
  9 goblins
  10 hobgoblins
  9 jackals
  2 quokkas
  4 bats
  6 frilled lizards
  7 kobolds
  9 rats
79 creatures vanquished.

Notes
Turn   | Place    | Note
-------+----------+-------------------------------------------
     0 | D:1      | Fang the Gargoyle Berserker began the quest for the Orb.
     0 | D:1      | Reached XP level 1. HP: 14/14 MP: 1/1
   327 | D:1      | Reached XP level 2. HP: 17/19 MP: 2/2
   414 | D:1      | HP: 1/30 [rat (2)]
   936 | D:1      | Reached XP level 3. HP: 24/24 MP: 3/3
   956 | D:1      | Reached ** piety under Trog
  1516 | D:2      | Reached XP level 4. HP: 25/29 MP: 4/4
  2131 | D:2      | Found a sacrificial altar of Ru.
  2131 | D:2      | Found a glowing golden altar of the Shining One.
  2131 | D:2      | Found a burning altar of Makhleb.
  2131 | D:2      | Found a shattered altar of Ashenzari.
  2710 | D:2      | Found a blossoming altar of Fedhas.
  3129 | D:3      | Reached XP level 5. HP: 33/33 MP: 5/5
  3283 | D:3      | Reached *** piety under Trog
  3634 | D:4      | Killed from afar by an orc wizard

Skill      XL: |  1  2  3  4  5 |
---------------+----------------+-----
Axes           | 3 4 |  4.7
Dodging        | 2 |  2.0
Fighting       | 4 |  4.1
Armour         | |  2.8

Action                   |  1- 3 |  4- 6 || total
-------------------------+-------+-------++-------
Melee: Hand axe          |   116 |    67 ||   183
       Battleaxe         |       |   150 ||   150
Invok: Berserk           |     2 |     1 ||     3
  Use: Scroll            |       |     8 ||     8
       Potion            |       |     1 ||     1
  Eat: Chunk             |     3 |     8 ||    11
Armor: Animal skin       |    46 |    12 ||    58
       Chain mail        |       |    40 ||    40
       Plate armour      |       |   121 ||   121
Dodge: Dodged            |   107 |   102 ||   209
